Workbook

Sheet Sheet1
A1: The following trial balance was extracted from the books of OLLIE LTD as at December 31st 2020.
A2: The company has an Authorised Share Capital of 600,000 €1 Ordinary Shares at €1 each.
B4: DR | C4: CR
A5: Ordinary Shares (€1 each) | C5: 500000
A6: Profit & Loss Account Balance – Jan1st 2020 | B6: 45733
A7: Sales | C7: 900000
A8: Sales Returns | B8: 7500
A9: Premises at Cost | B9: 540000
A10: Accumulated Depreciation Premises | C10: 54000
A11: Discount Received | C11: 7000
A12: Debtors | B12: 75000
A13: Creditors | C13: 45000
A14: Motor Vehicles at Cost | B14: 100000
A15: Accumulated Depreciation Motor Vehicles | C15: 20000
A16: Purchases | B16: 550000
A17: Bank | C17: 18500
A18: Stock (01/01/20) | B18: 75000
A19: Salaries & Wages | B19: 72500
A20: Advertising | B20: 21250
A21: Provision for Bad Debts | C21: 4000
A22: Bank Charges | B22: 1547
A23: Light & Heat | B23: 32700
A24: 12% Debentures | C24: 140000
A25: Insurance on Motor Vehicles | B25: 20600
A26: General Expenses | B26: 14450
A27: Goodwill | B27: 20000
A28: Carriage In | B28: 1000
A29: Rent | B29: 79900
A30: Bills Receivable/Payable | B30: 6000 | C30: 7000
A31: Cash | B31: 2320
A32: Bank Term Loan | C32: 26000
A33: Debenture Interest Paid | B33: 6000
A34: Share Premium Account | C34: 30000
A35: 10% Investments | B35: 80000
B36: =SUM(B5:B35) -> 1751500 | C36: =SUM(C5:C35) -> 1751500
A38: (a) Stock on 31/12/2020 is valued at €90,000 Cost Price. The market value of this stock is €100,000.
A40: (b) Debtors include an amount of €5,000 since found to be bad. No entries have been made in the books for this.
A41: The Bad Debt Provision is to be changed to 5% of Debtors.
A42: (c) Advertising Prepaid €1,000.
A44: (d) Rent Due €600.
A46: (e) Calculate the debenture interest due on the debenture loan.
A48: (f) Calculate if there is any investment income due.
A50: (g) Depreciation is to be provided as follows:
A51: · Premises at 2% of cost
A52: · Motor Vehicles at 20% p.a. reducing balance method.
A56: REQUIRED: A Trading and Profit and Loss Account for the year ended 31 Dec 2020 and a Balance Sheet as on that date.
A57: Please show the workings of part (a) to (g) as notes to the Financial Statements.
A59: Trading Profit and Loss Account for the year ended 31 Dec 2020 | F59: Balance Sheet as at 31 Dec 2020
A60: Sales | C60: 900000
A61: Sales Returns | C61: -7500 | F61: ASSETS
A62: Opening Stock | B62: 75000 | F62: Non-Current Assets
A63: Purchases | B63: 550000 | F63: Premises | G63: =B9-C10-C78 -> 475200
A64: Closing Stock at Cost | B64: -90000 | F64: Motor Vehicles | G64: =Notes!B25-Notes!B26 -> 64000
A65: Cost of Sales | C65: =-SUM(B62:B64) -> -535000 | F65: 10% Investments | G65: =B35 -> 80000
A66: Gross Profit | C66: =SUM(C60:C65) -> 357500 | F66: Goodwill | G66: =B27 -> 20000
A67: Other Incomes | F67: Current Assets
A68: Revaluation Gain | C68: =Notes!B5 -> 1000 | F68: Cash | G68: =B31 -> 2320
A69: Discount Received | C69: 7000 | F69: Stock | G69: 100000
A70: Provision for Bad Debts Adjustment (Note B) | C70: =Notes!E6 -> 500 | F70: Debtors | G70: =Notes!E7 -> 66500
A71: Investment Income (Note F) | C71: 8000 | F71: Bills Receivable | G71: 6000
A72: Gross Operating Income | C72: =SUM(C66:C71) -> 374000 | F72: Prepaid Advertising | G72: 1000
A73: Expenses | C73: =-SUM(C74:C85) -> -291147 | F73: Total Assets | G73: =SUM(G63:G72) -> 815020
A74: Bad Debts | C74: 5000 | F74: EQUITY AND LIABILITIES
A75: Rent Expense (Note D) | C75: =Notes!E12 -> 80500 | F75: Ordinary Shares | G75: =C5 -> 500000
A76: Advertising Expense (Note C) | C76: =Notes!B12 -> 20250 | F76: Share Premium | G76: =C34 -> 30000
A77: Debenture Interest Expense | C77: =Notes!B16 -> 16800 | F77: Retained Earnings | G77: =C86-B6 -> 37120
A78: Depreciation on Premises | C78: =Notes!B21 -> 10800
A79: Depreciation on Vehicles | C79: =Notes!B26 -> 16000 | F79: Non-Current Liabilities
A80: Salaries & Wages | C80: =B19 -> 72500 | F80: Bank Term Loan | G80: =C32 -> 26000
A81: Bank Charges | C81: =B22 -> 1547 | F81: 12% Debentures | G81: =C24 -> 140000
A82: Light & Heat | C82: =B23 -> 32700
A83: Insurance | C83: =B25 -> 20600 | F83: Current Liabilities
A84: General Expenses | C84: =B26 -> 14450 | F84: Creditors | G84: =C13 -> 45000
F85: Bills Payable | G85: =C30 -> 7000
A86: Net Profit/Loss | C86: =SUM(C72:C73) -> 82853 | F86: Rent Due | G86: 600
F87: Debenture Interest Due | G87: =Notes!B17 -> 10800
F88: Bank Overdraft | G88: =C17 -> 18500
F89: Total Equity and Liabilities | G89: =SUM(G75:G88) -> 815020

Sheet Notes
A1: Notes to the Financial Statements
A2: Note A | D2: Note B
A3: Cost Price | B3: 9000 | D3: Provision for doubtful debts beginning | E3: 4000
A4: Market Price | B4: 10000 | D4: Closing Debtors | E4: =75000 - 5000 -> 70000
A5: Revaluation Gain | B5: =B4-B3 -> 1000 | D5: Provision for doubtful debts end | E5: =5%*E4 -> 3500
D6: Provision for doubtful debts adjustment | E6: =E3-E5 -> 500
D7: Net Debtors | E7: =E4-E5 -> 66500
A9: Note C | D9: Note D
A10: Advertising | B10: 21250 | D10: Rent Paid | E10: =Sheet1!B29 -> 79900
A11: Prepaid Advertising | B11: 1000 | D11: Rent Due (Accrued) | E11: 600
A12: Advertising Expense | B12: =B10-B11 -> 20250 | D12: Rent Expense | E12: =SUM(E10:E11) -> 80500
A14: NOTE E | D14: Note F
A15: Debenture Interest Paid | B15: =Sheet1!B33 -> 6000 | D15: Investment Income | E15: =10%*Sheet1!B35 -> 8000
A16: Debenture Interest | B16: =12%*Sheet1!C24 -> 16800
A17: Debenture Interest Due | B17: =B16-B15 -> 10800
A19: NOTE G
A20: Premises at cost | B20: =Sheet1!B9 -> 540000
A21: Depreciation on Premises | B21: =2%*B20 -> 10800
A23: Vehicles at cost | B23: =Sheet1!B14 -> 100000
A24: Accumulated Depreciation on Vehicles | B24: =Sheet1!C15 -> 20000
A25: Net Vehicle Cost | B25: =B23-B24 -> 80000
A26: Depreciation on Vehicles | B26: =20%*B25 -> 16000
